 Dungeon Crawl Stone Soup version 0.29-a0-284-gf9362112df (webtiles) character file.

Game seed: 521719725095460017

4 sanka the Ducker (level 1, 23/23 HPs)
             Began as a Gnoll Monk on Mar 14, 2022.
             Was a Believer of Fedhas.
             Quit the game on level 1 of the Dungeon.
             The game lasted 00:00:29 (253 turns).

sanka the Ducker (Gnoll Monk)                        Turns: 253, Time: 00:00:30

Health: 23/23      AC:  2    Str: 10    XL:     1   Next: 70%
Magic:  1/1        EV: 14    Int:  9    God:    Fedhas [**....]
Gold:   9          SH:  0    Dex: 14    Spells: 0/0 levels left

rFire   . . .      SeeInvis .   a - +0 hand axe
rCold   . . .      Faith    .   (no shield)
rNeg    . . .      Spirit   .   b - +0 robe
rPois   .          Reflect  .   (no helmet)
rElec   .          Harm     .   (no cloak)
rCorr   .          Rampage  .   (no gloves)
Will    .....                   (no boots)
Stlth   +++.......              (no amulet)
HPRegen 0.07/turn               (no ring)
MPRegen 0.07/turn               (no ring)

@: no status effects
A: fangs 1, strong nose, distributed training
a: Renounce Religion, Wall of Briars


You were on level 1 of the Dungeon.
You worshipped Fedhas.
Fedhas was pleased with you.
You visited 1 branch of the dungeon, and saw 1 of its levels.

You collected 9 gold pieces.


Innate Abilities, Weirdness & Mutations

You have very sharp teeth.
Your uncanny sense of smell can sniff out nearby items.
Your experience applies equally to all skills.


   Skills:
 + Level 6.4 Fighting
 + Level 0.1 Short Blades
 + Level 0.1 Long Blades
 + Level 6.4 Axes
 + Level 0.1 Maces & Flails
 + Level 0.1 Polearms
 + Level 0.1 Staves
 + Level 0.1 Slings
 + Level 0.1 Bows
 + Level 0.1 Crossbows
 + Level 0.1 Throwing
 + Level 0.1 Armour
 + Level 6.4 Dodging
 + Level 4.0 Stealth
 + Level 0.1 Shields
 + Level 0.1 Unarmed Combat
 + Level 0.1 Spellcasting
 + Level 0.1 Conjurations
 + Level 0.1 Hexes
 + Level 0.1 Summonings
 + Level 0.1 Necromancy
 + Level 0.1 Translocations
 + Level 0.1 Transmutations
 + Level 0.1 Fire Magic
 + Level 0.1 Ice Magic
 + Level 0.1 Air Magic
 + Level 0.1 Earth Magic
 + Level 0.1 Poison Magic
 + Level 0.2 Invocations
 + Level 0.1 Evocations


You couldn't memorise any spells.
You didn't know any spells.
Your spell library contained the following spells:

 Spells                   Type           Power      Damage    Failure   Level
 Magic Dart               Conj           0%         1d3       36%         1
 Call Imp                 Summ           0%         N/A       52%         2
 Mephitic Cloud           Conj/Pois/Air  0%         N/A       75%         3
 Stone Arrow              Conj/Erth      0%         3d7       75%         3
 Animate Armour           Summ/Erth      0%         N/A       98%         4
 Lehudib's Crystal Spear  Conj/Erth      0%         10d2      100%        8

Inventory:

Hand Weapons
 a - a +0 hand axe (weapon)
Armour
 b - a +0 robe (worn)
Potions
 c - a potion of ambrosia

Dungeon Overview and Level Annotations

Branches:
Dungeon (1/15)

Altars:
Fedhas

▒..... ▒.. .... ▒.. .... ∆
▒.. ▒ ▒▒▒▒▒▒▒▒▒▒▒▒.. ▒..
.....▒...▒f▒...▒... ▒..
.!...▒.▒.▒f▒.▒.▒..▒▒▒▒▒▒▒..
.....f..f..P.P.............
....l▒.▒.▒.▒.▒.▒...▒▒..[▒▒.
... ▒.f.▒g▒.P.▒..▒▒▒...▒▒.
. ..▒.▒.▒.▒.▒.▒..▒▒▒...▒▒.
..P.Pff....f....▒▒.[.▒▒.
..▒.▒.▒.▒.▒.▒...▒▒...▒▒.
...£▒...▒f▒.f.▒...▒▒...▒▒.
£.. ▒▒▒▒▒▒▒▒▒▒▒▒..........
.. ........▒▒▒...▒▒▒
........▒▒▒...▒
........†▒▒...▒


There were no monsters in sight!


Message History

The bat closely misses you. The bat closely misses you.
You slash the bat!
You kill the bat!
No target in view!
No target in view!
Found a faded altar of an unknown god.
There is a faded altar of an unknown god here.
Found 3 gold pieces.
The frilled lizard hisses angrily.
Found an emerald potion.
Found 4 gold pieces.
You hit the fungus.
The fungus begins to die.
The fungus is lightly damaged.
You hit the fungus.
The fungus begins to die.
Unknown command.
The frilled lizard bites the fungus.
The fungus begins to die.
Something bites the fungus.
There is a faded altar of an unknown god here.
You cannot tell which god this altar belongs to.
Convert to them anyway?
Fedhas accepts your prayer! Fedhas welcomes you!
You can now encircle yourself with summoned briar patches.
The plants of the dungeon cease their hostilities.
Unknown command.
Press < or > to pray at altars.
Are you sure you want to abandon this character and quit the game? (Confirm with "yes".)

Action                   || total
-------------------------++-------
Melee: Hand axe          ||    11
 Stab: Sleeping          ||     1
Dodge: Dodged            ||     7

Levels and vault maps discovered:
D:1:      evilmike_arrival_hilbert_curve, layout_basic,
          shapermc_ecumenical_altar_mp_urbaneastern, fountainhead,
          supply_closet_lemuel

Notes
Turn   | Place    | Note
-------+----------+-------------------------------------------
     0 | D:1      | sanka the Gnoll Monk began the quest for the Orb.
     0 | D:1      | Reached XP level 1. HP: 23/23 MP: 1/1
   236 | D:1      | Found a faded altar of an unknown god.
   252 | D:1      | Prayed at the altar of an unknown god.
   252 | D:1      | Became a worshipper of Fedhas Madash
   252 | D:1      | Reached * piety under Fedhas
   252 | D:1      | Reached ** piety under Fedhas
   253 | D:1      | Quit the game

Vanquished Creatures
  A ball python (D:1)
  A bat (D:1)
  A frilled lizard (D:1)
  2 goblins (D:1)
5 creatures vanquished.

Vanquished Creatures (others)
  2 fungi (D:1)
2 creatures vanquished.

Grand Total: 7 creatures vanquished
